 Dungeon Crawl Stone Soup version 0.28.0 (webtiles) character file.

Game seed: 16426879520556127511

164 AmazingTV the Cudgeller (level 5, -9/45 HPs)
             Began as a Minotaur Warper on July 7, 2022.
             Killed by nerve-wracking pain
             ... invoked by Grinder
              (11 damage)
             ... on level 3 of the Dungeon.
             The game lasted 00:09:38 (3218 turns).

AmazingTV the Cudgeller (Minotaur Warper)           Turns: 3218, Time: 00:09:39

Health: -9/45      AC:  8    Str: 14    XL:     5   Next: 21%
Magic:  5/7        EV: 11    Int: 13    God:
Gold:   152        SH:  0    Dex: 10    Spells: 6/8 levels left

rFire   + . .      SeeInvis .   a - +0 mace {mace}
rCold   . . .      Faith    .   (no shield)
rNeg    . . .      Spirit   .   j - +4 leather armour of the Cooper {rF+ rCorr Str-3 Int+3}
rPois   .          Reflect  .   (helmet restricted)
rElec   .          Harm     .   (no cloak)
rCorr   +          Rampage  .   f - +0 pair of gloves
Will    .....                   (no boots)
Stlth   +.........              (no amulet)
HPRegen 0.15/turn               (no ring)
MPRegen 0.10/turn               (no ring)

@: no status effects
A: horns 2, retaliatory headbutt
a: no special abilities


You were on level 3 of the Dungeon.
You visited 1 branch of the dungeon, and saw 3 of its levels.

You collected 152 gold pieces.


Innate Abilities, Weirdness & Mutations

You have a pair of horns on your head.
You reflexively headbutt those who attack you in melee.


   Skills:
 + Level 3.5 Fighting
 + Level 3.6 Maces & Flails
 - Level 1.0 Throwing
 + Level 2.8 Armour
 - Level 2.1 Dodging
 + Level 2.1 Spellcasting
 + Level 2.7 Translocations


You had 6 spell levels left.
You knew the following spells:

 Your Spells              Type           Power      Damage    Failure   Level
a - Blink                 Tloc           16%        N/A       16%         2

Your spell library contained the following spells:

 Spells                   Type           Power      Damage    Failure   Level
 Beastly Appendage        Tmut           2%         N/A       30%         1
 Gell's Gravitas          Tloc           8%         N/A       30%         3
 Lesser Beckoning         Tloc           8%         N/A       30%         3
 Teleport Other           Tloc           8%         N/A       30%         3
 Wereblood                Tmut           1%         N/A       43%         2
 Spider Form              Tmut/Pois      1%         N/A       67%         3
 Manifold Assault         Tloc           8%         N/A       95%         5

Inventory:

Hand Weapons
 a - a +0 mace (weapon) {mace}
 l - a +0 mace {mace}
   (You found it on level 2 of the Dungeon)
 r - a +2 dagger of freezing {short}
   (You took it off a goblin on level 3 of the Dungeon)
 s - a +1 dagger of draining {short}
   (You took it off Ijyb on level 3 of the Dungeon)
Missiles
 d - 5 boomerangs of dispersal (quivered) {=f!f}
 e - 159 stones
 k - 37 arrows
 n - 31 bolts
Armour
 b - a +0 leather armour
 f - a +0 pair of gloves (worn)
   (You found it on level 1 of the Dungeon)
 j - the +4 leather armour of the Cooper (worn) {rF+ rCorr Str-3 Int+3}
   (You took it off a goblin on level 2 of the Dungeon)

   Str:       It affects your strength (-3).
   Int:       It affects your intelligence (+3).
   rF:        It protects you from fire.
   rCorr:     It protects you from acid and corrosion.
 p - a +0 scale mail
   (You found it on level 3 of the Dungeon)
Wands
 t - a wand of polymorph (10)
   (You took it off Ijyb on level 3 of the Dungeon)
Scrolls
 c - a scroll of blinking {!r}
 m - 2 scrolls of identify {unknown}
Potions
 g - a potion of magic {unknown}
 h - a potion of resistance {unknown}
 i - a potion of mutation {unknown}
 o - a potion of curing {unknown}
 q - 2 potions of attraction {unknown}

Dungeon Overview and Level Annotations

Branches:
Dungeon (3/15)

Altars:

Shops:
D:2 [

Annotations:
D:3 Grinder

#.###.#############..........##
#...#.# #.########.##
###.#.#############.###........
#.>............................
#..†#.#############.###.#......
#...#.# #.# #.#......
#...#.###### #.# #.#......
#[..#.##...########.# #.#......
#...#.........@.....###.#......
#...####..5####.........####.#.
#...####.......<##...#..####.#.
#............>.##.#.###........
#.#.####....####.#.##.########)
#.#.####....###.#.##.#.## #.
#.#..5......##.#.##.#.#.## #.
#.###########.#.##.#.#.#.## #.
#.# ##.#.##.#.###.#.## #.


You could see Grinder.


Message History

Your +0 pair of gloves unmelds from your body.
The +4 leather armour of the Cooper {rF+ rCorr Str-3 Int+3} unmelds from your body.
A kobold is nearby!
You sock the kobold!
You kill the kobold! 😕 HP[+1]
You see here a +0 dagger {short}.
You now have 132 gold pieces (gained 16).
You now have 143 gold pieces (gained 11).
s - a +1 dagger of draining {short};
t - a wand of polymorph (10)
You see here a +0 leather armour. 😎 HP[+11]
Your hp is fully restored (45).
m - 2 scrolls labelled UNAOVE OQONTU (gained 1)
You see here a +0 hand axe {axe}.
A frilled lizard comes into view.
The frilled lizard hisses angrily.
A frilled lizard is nearby!
Found 9 gold pieces.
Found a stone staircase leading down.
The frilled lizard bites you but does no damage.
You sock the frilled lizard!
You kill the frilled lizard!
You now have 152 gold pieces (gained 9).
There is a stone staircase leading up here.
There is an escape hatch in the floor here.
Grinder comes into view.
Grinder shouts!
Grinder blinks!
Grinder gestures at you. You resist with significant effort.
You hit Grinder but do no damage. Grinder closely misses you.
You furiously retaliate!
You headbutt Grinder, but do no damage. You barely miss Grinder.
Grinder says, "What is the universe for?"
Grinder misses you. You furiously retaliate!
You headbutt Grinder. You hit Grinder but do no damage.
Grinder hits you! 😕 HP[-7]
You take 7 damage, and now have 38/45 hp.
You closely miss Grinder. Grinder closely misses you. You furiously retaliate!
You headbutt Grinder. You hit Grinder. Grinder barely misses you.
Grinder hits you but does no damage.
You sock Grinder! Your headbutt misses Grinder. Grinder misses you.
You closely miss Grinder. Grinder barely misses you. 😕 HP[+1]
You completely miss Grinder. Grinder hits you. 😕 HP[-1]
You take 1 damage, and now have 38/45 hp.
You closely miss Grinder. Your headbutt misses Grinder. Grinder hits you.
Grinder gestures at you.
Pain shoots through your body! 😮 HP[-15]
You take 15 damage, and now have 23/45 hp.
MASSIVE DAMAGE!! (PAUSE)
You hit Grinder. You headbutt Grinder, but do no damage.
Grinder hits you but does no damage.
You sock Grinder! Grinder barely misses you.
You closely miss Grinder. Grinder completely misses you.
You closely miss Grinder. You headbutt Grinder.
Grinder blinks! 😮 HP[+1] Grinder blinks!
Grinder says, "What is the universe for?" 😮 HP[+1]
You barely miss Grinder. You headbutt Grinder. Grinder completely misses you.
You hit Grinder but do no damage. Your headbutt misses Grinder.
Grinder gestures at you. Pain shoots through your body!
* * * LOW HITPOINT WARNING * * *
😨 HP[-8]
You take 8 damage, and now have 17/45 hp.
You hit Grinder but do no damage. Grinder hits you!
* * * LOW HITPOINT WARNING * * *
😱 HP[-8]
You take 8 damage, and now have 9/45 hp.
You closely miss Grinder. Your headbutt misses Grinder.
Grinder gestures at you.
You suddenly lose the ability to move!
Grinder hits you.
* * * LOW HITPOINT WARNING * * *
Grinder hits you.
* * * LOW HITPOINT WARNING * * *
You writhe in agony.
* * * LOW HITPOINT WARNING * * *
You can move again. 😱 HP[-8]
You take 8 damage, and now have 1/45 hp.
Sorry, you're not good enough to have a special ability.
Sorry, you're not good enough to have a special ability.
Casting: Blink (safe; 16% risk of failure)
Confirm with . or Enter, or press ? or * to list all spells.
You blink. 😱 MP[-2]
You lost 2 mp, and now have 5/7 mp.
Grinder gestures at you.
You resist with significant effort. 😱 HP[+1]
You feel stable enough to blink again. Grinder gestures at you.
Pain shoots through your body!
You die...

Skill      XL: |  1  2  3  4 |
---------------+-------------+-----
Maces & Flails | 3 |  3.6
Armour         | 2 |  2.8
Fighting       | 3 |  3.5
Spellcasting   | 2 |  2.1
Throwing       | |  1.0
Dodging        | |  2.1
Translocations | |  2.7

Action                   |  1- 3 |  4- 6 || total
-------------------------+-------+-------++-------
Melee: Mace              |    75 |   106 ||   181
       Headbutt          |    13 |    16 ||    29
       Punch             |       |     1 ||     1
       Unarmed           |       |     6 ||     6
 Cast: Blink             |       |     1 ||     1
Armor: Leather armour    |    21 |    54 ||    75
Dodge: Dodged            |    56 |    67 ||   123

Levels and vault maps discovered:
D:1:      dpeg_arrival_ternary, layout_basic, minmay_misc_feat_hallway
D:2:      layout_basic, serial_shops, nicolae_diamond_shop,
          basic_ecumenical_altar
D:3:      minmay_inner_zag, layout_basic, uniq_robin, uniq_grinder, uniq_ijyb

Notes
Turn   | Place    | Note
-------+----------+-------------------------------------------
     0 | D:1      | AmazingTV the Minotaur Warper began the quest for the Orb.
     0 | D:1      | Reached XP level 1. HP: 18/18 MP: 1/1
     0 | D:1      | magus.rc [v1.9.6]
   113 | D:1      | Reached XP level 2. HP: 16/25 MP: 1/3
   920 | D:1      | Reached XP level 3. HP: 29/30 MP: 4/4
   923 | D:1      | Learned a level 2 spell: Blink
  1006 | D:1      | Reached skill level 3 in Maces & Flails
  1103 | D:1      | Reached skill level 2 in Armour
  1265 | D:2      | Identified the +4 leather armour of the Cooper {rF+ rCorr
                  | Str-3 Int+3}
  1270 | D:2      | Reached skill level 3 in Fighting
  1433 | D:2      | Found Qotocru's Antique Armour Emporium.
  1538 | D:2      | You pick up a book of Changes and begin reading...
  1538 | D:2      | You add the spells Beastly Appendage, Wereblood and Spider
                  | Form to your library.
  1583 | D:2      | Reached XP level 4. HP: 38/38 MP: 5/5
  1587 | D:2      | Found a faded altar of an unknown god.
  1823 | D:3      | HP: 9/38 [worm (10)]
  2359 | D:3      | Noticed Robin
  2364 | D:3      | Killed Robin
  2369 | D:3      | Reached skill level 2 in Spellcasting
  2694 | D:3      | Reached XP level 5. HP: 45/45 MP: 7/7
  2722 | D:3      | Noticed Ijyb
  2734 | D:3      | Killed Ijyb
  3154 | D:3      | Noticed Grinder
  3209 | D:3      | HP: 9/45 [Grinder (8)]
  3210 | D:3      | Paralysed by Grinder for 3 turns
  3212 | D:3      | HP: 1/45 [Grinder (6)]
  3218 | D:3      | Killed from afar by Grinder

Vanquished Creatures
  Ijyb (D:3)
  Robin (D:3)
  4 adders
  2 worms
  A dart slug (D:3)
  6 bats (D:1)
  4 endoplasms (D:1)
  2 giant cockroaches
  21 goblins
  9 hobgoblins
  5 quokkas
  10 ball pythons
  2 frilled lizards
  6 kobolds
  7 rats
81 creatures vanquished.

Table legend:
 A = Non-vault XP
 B = Vault XP
 C = Vault XP percentage of total XP
 D = Non-vault monster count
 E = Vault monster count
 F = Vault count percentage of total count
                 A         B        C        D         E       F
            +---------+---------+-------+---------+---------+-------
      Total |     142 |      93 |  39.6 |      61 |      20 |  24.7
            +---------+---------+-------+---------+---------+-------
        D:1 |      54 |       0 |   0.0 |      34 |       0 |   0.0
        D:2 |      52 |       0 |   0.0 |      16 |       0 |   0.0
        D:3 |      36 |      93 |  72.1 |      11 |      20 |  64.5
            +---------+---------+-------+---------+---------+-------

Illustrated notes

Table legend:
 A = Kills in this place as a percentage of kills in entire the game.
 B = Kills by you in this place as a percentage of kills by you in the entire game.
 C = Kills by friends in this place as a percentage of kills by friends in the entire game.
 D = Other kills in this place as a percentage of other kills in the entire game.
 E = Experience gained in this place as a percentage of experience gained in the entire game.
 F = Experience gained in this place divided by the number of levels of this place that you have seen.
                   A       B       C       D       E      F
               +-------+-------+-------+-------+-------+----------------------
         Total | 100.0 | 100.0 |   N/A |   N/A | 100.0 |  78.3
       Dungeon | 100.0 | 100.0 |   N/A |   N/A | 100.0 |  78.3
               +-------+-------+-------+-------+-------+----------------------

Table legend: (Time is in decaauts)
 A = Elapsed time spent in this place.
 B = Non-inter-level travel time spent in this place.
 C = Inter-level travel time spent in this place.
 D = Time resting spent in this place.
 E = Time spent auto-exploring this place.
 F = Levels seen in this place.
 G = Mean time per level.
                   A        B        C        D        E       F      G
               +--------+--------+--------+--------+--------+-----+--------+
         Total |   3253 |   3204 |     49 |    570 |   2055 |   3 | 1084.3 |
       Dungeon |   3253 |   3204 |     49 |    570 |   2055 |   3 | 1084.3 |
               +--------+--------+--------+--------+--------+-----+--------+

Top non-repeatable levels by time:
     D:3: 1419 daAuts
     D:1: 1195 daAuts
     D:2: 639 daAuts
